 Dungeon Crawl Stone Soup version 0.31-a0-83-gbff143cfd1 (webtiles) character file.

Game seed: 14072188346293375982

233 SobieckRCTest the Trooper (level 5, -8/48 HPs)
             Began as a Minotaur Monk on May 24, 2023.
             Was a Believer of the Shining One.
             Mangled by a wight
             ... wielding a +0 long sword
              (10 damage)
             ... in a sewer.
             The game lasted 00:08:03 (3973 turns).

SobieckRCTest the Trooper (Minotaur Monk)           Turns: 3973, Time: 00:08:04

Health: -8/48      AC:  2    Str: 17    XL:     5   Next: 74%
Magic:  4/4        EV: 13    Int:  7    God:    the Shining One [**....]
Gold:   147        SH:  0    Dex: 13    Spells: 4/4 levels left

rFire   . . .        a - +0 short sword
rCold   . . .        d - orb {light}
rNeg    + . .        b - +0 robe
rPois   .            (helmet restricted)
rElec   .            (no cloak)
rCorr   .            (no gloves)
SInv    .            (no boots)
Will    .....        (no amulet)
Stlth   +            (no ring)
HPRegen 0.28/turn    (no ring)
MPRegen 0.09/turn

%: no passive effects
@: glowing
A: horns 2, retaliatory headbutt
a: Renounce Religion, Divine Shield


You were in a sewer.
You worshipped the Shining One.
The Shining One was pleased with you.
You visited 2 branches of the dungeon, and saw 5 of its levels.
You also visited: Sewer.

You collected 147 gold pieces.

Inventory:

Hand Weapons
 a - a +0 short sword (weapon)
Missiles
 F - 4 curare-tipped darts
Armour
 b - a +0 robe (worn)
 d - an orb of light (worn)
 l - a +0 cloak
 q - a +0 pair of gloves
Scrolls
 e - 2 scrolls of identify {unknown}
 g - a scroll of acquirement {unknown}
 h - a scroll of fog {unknown}
 m - a scroll of fear {unknown}
 r - 2 scrolls of teleportation {unknown}
Potions
 c - a potion of ambrosia
 f - a potion of attraction {unknown}
 i - a potion of enlightenment {unknown}
 j - a potion of degeneration {unknown}
 k - a potion of lignification
 o - a potion of mutation {unknown}
 p - a potion of haste {unknown}
 s - a potion of magic {unknown}
 Q - a potion of curing


   Skills:
 + Level 5.5 Fighting
 + Level 4.8 Short Blades
 + Level 4.9 Dodging


You had 4 spell levels left.
You didn't know any spells.
Your spell library contained the following spells:

 Spells                   Type           Power      Damage    Failure   Level
 Necrotise                Necr           0%         1d4       43%         1
 Shock                    Conj/Air       0%         1d3       43%         1
 Summon Small Mammal      Summ           0%         N/A       43%         1


Dungeon Overview and Level Annotations

Branches:
Dungeon (4/15)             Temple (1/1) D:4           Sewer (1/1)

Altars:
Ashenzari
Cheibriados
Dithmenos
Elyvilon
Fedhas
Ru
Trog
Wu Jian
Xom
Yredelemnul
The Shining One

Annotations:
Sewer Grinder


Innate Abilities, Weirdness & Mutations

You have a pair of horns on your head.
You reflexively headbutt those who attack you in melee.


Message History

You cannot move.
Unknown command.
You cannot move.
Unknown command.
Unknown command.
The kobold brigand hits you with a +0 whip!
Unknown command.
You are too injured to fight recklessly!
You are too injured to fight recklessly!
You are too injured to fight recklessly!
You hit the kobold brigand.
The kobold brigand is lightly wounded.
Grinder blinks!
You hit the kobold but do no damage.
The kobold brigand hits you but does no damage.
Grinder hits you but does no damage. The kobold hits you but does no damage.
You hit the kobold but do no damage.
You feel less wooden.
Your +0 robe unmelds from your body.
The kobold brigand hits you with a +0 whip.
Grinder gestures at you. You resist with significant effort.
Unknown command.
You hit Grinder. You headbutt Grinder.
Grinder is lightly wounded.
Grinder hits you!
You writhe in agony.
The kobold brigand closely misses you. The kobold barely misses you.
The wight completely misses you. You furiously retaliate!
You headbutt the wight. You hit Grinder but do no damage.
Grinder is lightly wounded.
Unknown command.
You hit Grinder but do no damage.
Grinder is lightly wounded.
Grinder hits you.
* * * LOW HITPOINT WARNING * * *
You writhe in agony.
* * * LOW HITPOINT WARNING * * *
The kobold brigand barely misses you. You furiously retaliate!
You headbutt the kobold brigand. The kobold barely misses you.
The wight completely misses you.
Unknown command.
It was a potion of curing.
You feel better.
Q - a potion of curing The kobold brigand hits you with a +0 whip.
* * * LOW HITPOINT WARNING * * *
Grinder hits you!
* * * LOW HITPOINT WARNING * * *
The kobold barely misses you.
The wight hits you with a +0 long sword!
You die...

#~~.'.~≈≈≈≈≈≈≈≈≈≈≈ #~..
#≈~.#.~≈≈≈≈≈≈≈≈≈≈≈ #≈..
#~≈.#.~≈≈≈≈≈≈≈≈≈≈≈ #≈...
#≈~.#.~≈≈≈≈≈≈≈≈≈≈≈ ##'''
#≈~.#..~~≈≈≈≈≈≈≈≈≈ #.....
#≈~.#....≈≈≈≈≈≈~≈≈
...⌠.5###.####.#≈###≈≈#~#
.⌠..KKK#K5.#≈≈......)....
..._nKKz@..≈≈≈≈.....))...
.⌠...K5#K..#≈≈...........
...⌠..###.####.###~##≈##≈
#..... #~~.#...~~≈≈~≈≈≈≈≈
##''K #≈≈.#..~≈≈≈≈≈≈≈≈≈≈
#≈..K ≈~.#.~≈≈≈≈≈≈≈≈≈≈≈
#~.. ..#.~≈≈≈≈≈≈≈≈≈≈≈
#≈.. ~.#


You could see Grinder, a kobold brigand, a necrophage, a wight, 2 shadow imps
and 7 kobolds.

Vanquished Creatures
  A hound (D:4)
  An orc wizard (D:3)
  4 adders
  3 shadow imps (Sewer)
  An ufetubus (Sewer)
  2 worms
  4 dart slugs
  4 orcs (D:3)
  8 bats
  12 endoplasms
  4 giant cockroaches
  9 goblins
  8 hobgoblins
  12 kobolds
  3 quokkas
  8 ball pythons
  A frilled lizard (D:1)
  9 rats
94 creatures vanquished.

Notes
Turn   | Place    | Note
-------+----------+-------------------------------------------
     0 | D:1      | SobieckRCTest the Minotaur Monk began the quest for the
                  | Orb.
     0 | D:1      | Reached XP level 1. HP: 19/19 MP: 0/0
   101 | D:1      | Reached XP level 2. HP: 24/27 MP: 1/1
   160 | D:1      | Reached skill level 4 in Fighting
   391 | D:1      | Reached XP level 3. HP: 33/33 MP: 2/2
   776 | D:2      | Got Starting Spellcasting
   989 | D:2      | Reached XP level 4. HP: 39/41 MP: 3/3
  3190 | D:3      | Reached skill level 5 in Fighting
  3305 | D:3      | Reached XP level 5. HP: 45/48 MP: 4/4
  3579 | D:4      | Found a staircase to the Ecumenical Temple.
  3587 | Temple   | Entered the Ecumenical Temple
  3614 | Temple   | Became a worshipper of the Shining One
  3614 | Temple   | Reached * piety under the Shining One
  3614 | Temple   | Reached ** piety under the Shining One
  3651 | D:4      | Found a glowing drain.
  3679 | Sewer    | Entered a sewer
  3922 | Sewer    | Found an ancient bone altar of Kikubaaqudgha.
  3924 | Sewer    | Noticed Grinder
  3973 | Sewer    | HP: 2/48 [Grinder (10)]
  3973 | Sewer    | Mangled by a wight

Illustrated notes

Levels and vault maps discovered:
D:1:      lightli_arrival_chessboard, layout_loops_ring
D:2:      minmay_general_purpose_star, layout_basic
D:3:      layout_loops_ring, chequers_serial_rivers_micro_b
D:4:      layout_basic, nicolae_overflow_hidden_temple, lemuel_tele_altar,
          minmay_temple_entry_steel_oval, portal_sewer_entry_a,
          minmay_close_crescents, uniq_edmund
Temple:   chequers_temple_sunken
Sewer:    kennysheep_sewer_church

Skill      XL: |  1  2  3  4 |
---------------+-------------+-----
Fighting       | 4 5 |  5.5
Dodging        | 4 |  4.9
Short Blades   | 4 |  4.8

Action                     |  1- 3 |  4- 6 || total
---------------------------+-------+-------++-------
  Melee: Short sword       |    81 |   157 ||   238
         Headbutt          |    22 |    34 ||    56
    Use: Potion            |       |     2 ||     2
 Armour: Robe              |    14 |    15 ||    29
         Skin              |       |    20 ||    20
  Dodge: Dodged            |    42 |    79 ||   121

Table legend: (Time is in decaauts)
 A = Elapsed time spent in this place.
 B = Non-inter-level travel time spent in this place.
 C = Inter-level travel time spent in this place.
 D = Time resting spent in this place.
 E = Time spent auto-exploring this place.
 F = Levels seen in this place.
 G = Mean time per level.
                   A        B        C        D        E       F      G
               +--------+--------+--------+--------+--------+-----+--------+
         Total |   3937 |   3820 |    117 |    965 |   1979 |   6 |  656.2 |
       Dungeon |   3594 |   3505 |     89 |    965 |   1794 |   4 |  898.5 |
        Temple |     66 |     39 |     27 |      0 |      0 |   1 |   66.0 |
         Sewer |    277 |    277 |      0 |      0 |    185 |   1 |  277.0 |
               +--------+--------+--------+--------+--------+-----+--------+

Top non-repeatable levels by time:
     D:2: 2021 daAuts
     D:3: 836 daAuts
     D:1: 637 daAuts
   Sewer: 277 daAuts
     D:4: 98 daAuts
  Temple: 66 daAuts
